 Dungeon Crawl Stone Soup version 0.31-a0-1540-g5a0b83f (webtiles) character file.

Game seed: 13750344014906276805

145789 PublicAnimeNo1 the Lord of Darkness (level 16, -7/122 HPs)
             Began as a Demonspawn Alchemist on Jan 1, 2024.
             Was the Champion of Kikubaaqudgha.
             Hit by a silver javelin thrown by a merfolk javelineer (12 damage)
             ... on level 2 of the Shoals.
             The game lasted 01:39:07 (32008 turns).

PublicAnimeNo1 the Lord of Darkness (DsAl)         Turns: 32008, Time: 01:39:07

Health: -7/122     AC: 15    Str: 10    XL:     16   Next: 88%
Magic:  14/30      EV: 15    Int: 26    God:    Kikubaaqudgha [******]
Gold:   1105       SH: 11    Dex: 19    Spells: 4/35 levels left

rFire   + + .        a - +3 short sword (venom)
rCold   . . .        (no shield)
rNeg    + . .        W - +2 ring mail of Sosileuh {Int+4 Dex+2}
rPois   +            (helmet unavailable)
rElec   .            F - scarf {repulsion}
rCorr   .            P - +0 pair of fencer's gloves {Riposte Dex+3}
SInv    +            g - +2 pair of boots
Will    ++...        J - amulet of reflection
Stlth   ++++         V - ring of Awe {+Blink rPois rF+ rN+ Will+}
HPRegen 0.40/turn    r - +4 ring of protection
MPRegen 0.22/turn

%: repel missiles, reflection
@: radiating poison, animating dead
A: antennae 3, large bone plates 2, foul stench 1, spiny 2, fire resistance 1,
mutation resistance 1
a: Renounce Religion, Evoke Blink, Unearth Wretches, Torment, Brand Weapon With
Pain, Receive Forbidden Knowledge


You were on level 2 of the Shoals.
You worshipped Kikubaaqudgha.
Kikubaaqudgha was exalted by your worship.
You visited 5 branches of the dungeon, and saw 25 of its levels.
You visited the Abyss 1 time.
You also visited: Sewer and Gauntlet.

You collected 2456 gold pieces.
You spent 1351 gold pieces at shops.

Inventory:

Hand Weapons
 a - a +3 short sword of venom (weapon)
Missiles
 z - 2 throwing nets
 U - 11 javelins
Armour
 g - a +2 pair of boots (worn)
 n - a +2 cloak of preservation
 F - a scarf of repulsion (worn)
 M - a +0 robe of cold resistance
 P - the +0 pair of fencer's gloves (worn) {Riposte Dex+3}
   (You bought it in a shop on level 13 of the Dungeon)

   Riposte:   It allows the wearer to riposte with melee weapons, swiftly
   retaliating against missed or blocked melee attacks.
   Dex+3:     It affects your dexterity (+3).
 W - the +2 ring mail of Sosileuh (worn) {Int+4 Dex+2}
   (You found it in a Gauntlet)

   Int+4:     It affects your intelligence (+4).
   Dex+2:     It affects your dexterity (+2).
Magical Staves
 b - a staff of death
 t - a staff of alchemy
Jewellery
 r - a +4 ring of protection (right hand)
 C - a ring of poison resistance
 G - a +5 ring of evasion
 J - an amulet of reflection (around neck)
 L - a ring of fire
 V - the ring of Awe (left hand) {+Blink rPois rF+ rN+ Will+}
   (You took it off a minotaur in a Gauntlet)

   [ring of willpower]

   rF+:       It protects you from fire.
   rPois:     It protects you from poison rN+: It protects you from negative
   energy.
   Will+:     It increases your willpower.
   +Blink:    It lets you blink.
Wands
 f - a wand of paralysis (32)
 A - a wand of digging (7)
 I - a wand of iceblast (14)
 N - a wand of mindburst (1)
 O - a wand of flame (21)
Scrolls
 c - 2 scrolls of teleportation
 d - a scroll of torment
 e - 7 scrolls of immolation
 k - 6 scrolls of enchant armour
 m - 2 scrolls of blinking
 o - a scroll of enchant weapon
 v - 5 scrolls of identify
 y - 5 scrolls of fog
 D - 3 scrolls of poison
 K - 4 scrolls of fear
 R - 3 scrolls of vulnerability
Potions
 i - 4 potions of mutation
 j - 4 potions of attraction
 l - 2 potions of lignification
 q - a potion of enlightenment
 u - 4 potions of haste
 w - 2 potions of magic
 x - 5 potions of cancellation
 E - 5 potions of curing
 Q - 2 potions of might
Miscellaneous
 Y - a phantom mirror


   Skills:
 - Level 10.3 Fighting
 - Level 10.0 Short Blades
 - Level 10.0 Dodging
 - Level 10.0 Stealth
 + Level 10.4 Spellcasting
 - Level 4.0 Conjurations
 - Level 8.5 Summonings
 + Level 13.9 Necromancy
 - Level 5.0 Fire Magic
 - Level 13.0 Alchemy
 + Level 4.6 Evocations


You had 4 spell levels left.
You knew the following spells:

 Your Spells              Type           Power      Damage    Failure   Level
a - Martyr's Knell        Necr/Summ      64%        N/A       1%          4
b - Sticky Flame          Fire/Alch      57%        2d10      2%          4
c - Mephitic Cloud        Conj/Alch/Air  43%        N/A       3%          3
d - Olgreb's Toxic Radia  Alch           69%        N/A       1%          4
e - Cigotuvi's Dreadful   Necr/Alch/Air  100%       N/A       1%          2
f - Animate Dead          Necr           72%        N/A       1%          4
g - Dispel Undead         Necr           72%        3d24      1%          4
h - Ignite Poison         Fire/Alch      57%        N/A       2%          4
i - Sublimation of Blood  Necr           72%        N/A       1%          2

Your spell library contained the following spells:

 Spells                   Type           Power      Damage    Failure   Level
 Kiss of Death            Conj/Necr      100%       2d13      1%          1
 Necrotise                Necr           100%       1d9       1%          1
 Sting                    Conj/Alch      100%       1d9       1%          1
 Summon Small Mammal      Summ           100%       N/A       1%          1
 Call Imp                 Summ           100%       N/A       1%          2
 Mercury Vapours          Alch/Air       94%        N/A       1%          2
 Call Canine Familiar     Summ           55%        N/A       1%          3
 Fugue of the Fallen      Necr           72%        N/A       1%          3
 Vampiric Draining        Necr           72%        2d11      1%          3
 Magic Dart               Conj           100%       1d8       2%          1
 Anguish                  Hex/Necr       24%        N/A       6%          4
 Summon Blazeheart Golem  Fire/Summ      48%        N/A       7%          4
 Apportation              Tloc           26%        N/A       12%         1
 Inner Flame              Hex/Fire       26%        N/A       12%         3
 Blink                    Tloc           26%        N/A       17%         2
 Ensorcelled Hibernation  Hex/Ice        26%        N/A       17%         2
 Jinxbite                 Hex            26%        N/A       17%         2
 Animate Armour           Summ/Erth      70%        N/A       21%         4
 Summon Lightning Spire   Summ/Air       35%        N/A       21%         4
 Passwall                 Erth           13%        N/A       34%         3
 Swiftness                Air            13%        N/A       34%         3
 Alistair's Intoxication  Alch           46%        N/A       1%          5
 Death Channel            Necr           36%        N/A       5%          6
 Irradiate                Conj/Alch      27%        3d20      10%         5
 Borgnjor's Vile Clutch   Necr/Erth      24%        N/A       19%         5
 Sculpt Simulacrum        Ice/Alch       23%        N/A       77%         6
 Freezing Cloud           Conj/Ice/Air   10%        6-21      88%         5
 Borgnjor's Revivificati  Necr           36%        N/A       94%         8
 Lee's Rapid Deconstruct  Erth           6%         3d6*      97%         5
 Metabolic Englaciation   Hex/Ice        6%         N/A       97%         5
 Plasma Beam              Fire/Air       13%        2x1d24    99%         6
 Ignition                 Fire           19%        3d7       100%        8


Dungeon Overview and Level Annotations

Branches:
Dungeon (15/15)            Temple (1/1) D:6            Lair (5/5) D:10
 Shoals (2/4) Lair:3        Snake (0/4) Lair:2        Slime (0/5) Lair:5
    Orc (2/2) D:10            Elf (0/3) Orc:2        Vaults (0/5) D:13
 Depths (0/4) D:15          Sewer (visited)         Gauntlet (visited)

Altars:
Ashenzari
Cheibriados
Dithmenos
Fedhas
Gozag
Hepliaklqana
Kikubaaqudgha
Makhleb
Nemelex Xobeh
Okawaru
Qazlal
Ru
Sif Muna
Trog
Uskayaw
Vehumet
Wu Jian
Xom
Yredelemnul

Shops:
D:3 (   D:6 [   D:7 ::   D:9 (   D:12 [   D:13 [   Orc:1 :=   Orc:2 **(([

Portals:
Trove: D:12 (give 5 scrolls of fear)

Annotations:
D:5 2 transporters, Menkaure; squeakweiz's ghost, novice MiFi
D:12 2 exclusions, Azrael
D:15 36 runed doors, 1 exclusion


Innate Abilities, Weirdness & Mutations

You have a pair of large antennae on your head. (SInv)
You are mostly covered in large bone plates. (SH +6)
You may rarely emit foul miasma when damaged in melee.
You are mostly covered in sharp spines.
Your flesh is heat resistant. (rF+)
You are somewhat resistant to further mutation.


Message History

Press: ? - help, Q - select action, (/) - cycle Dir - look around, f - activate You begin to radiate toxic energy.
The manticore is poisoned.
The merfolk javelineer is poisoned.
The manticore looks even sicker.
The manticore barely misses your manticore zombie.
The manticore claws your manticore zombie!
The manticore claws your manticore zombie.
The merfolk javelineer throws a silver javelin.
The silver javelin pierces through you! The silver sears you!
* * * LOW HITPOINT WARNING * * *
The silver javelin pierces through the plant!! x2
Okay, then.
Aiming: Paralyse
Press: ? - help, Shift-Dir - straight line, f - merfolk javelineer
Aim: a merfolk javelineer, wielding a +0 vampiric spear, wearing a +0 leather armour and quivering silver javelins (severely wounded, poisoned, chance to affect: 26%)
Okay, then.
Casting: Olgreb's Toxic Radiance (mildly dangerous; 1% risk of failure)
Confirm with . or Enter, or press ? or * to list all spells.
Aiming: Mephitic Cloud (mildly dangerous; 3% risk of failure)
Press: ? - help, Shift-Dir - straight line, f - merfolk javelineer
Aim: a merfolk javelineer, wielding a +0 vampiric spear, wearing a +0 leather armour and quivering silver javelins (severely wounded, poisoned, chance to affect: 39%)
The ball explodes into a vile cloud!
The stinking cloud engulfs the merfolk javelineer.
The merfolk javelineer is severely wounded.
The stinking cloud engulfs your manticore zombie.
Your manticore zombie is heavily damaged.
The stinking cloud engulfs your manticore zombie.
Your manticore zombie is heavily damaged.
Your manticore zombie bites the manticore.
Your manticore zombie claws the manticore.
Your manticore zombie barely misses the manticore.
The manticore flicks its tail.
The volley of spikes skewers your manticore zombie!!
The merfolk javelineer is engulfed in noxious fumes.
The merfolk javelineer throws a silver javelin.
The silver javelin pierces through you!!
* * * LOW HITPOINT WARNING * * *
The silver sears you!
You die...
Kikubaaqudgha rasps: "You have failed me!
Welcome... death!"

#~~~~~~~≈≈≈~P~~P~P~P~~~.####..).~
#.~..~~~~..~~≈≈P~~~~P~..###P....~
#.~.~~~~...).~~≈≈~≈≈~.~P......~.$
.~)~m~ZZ{..)..~~≈≈≈≈P~~..>...~~..
~~~~ZZ~{{###.).~~~≈≈≈P~P.....~~~~
.~~~~~~~.# #.HZ..~~P~~~P...<~~~~~
.~~~≈~Z..###.§Z§~P..~..###..~~.~~
..~~~~~...#..§m§....~.## #....~~≈
~.~~~~~~......##@!~~...#####..~≈≈
~~~~~≈~~~..P.....~PP~..#.# ##.~~≈
~~~~≈≈≈~~~~~~...PP~P~~...# ##.~~≈
~~~~≈≈≈≈≈~~~~....PP~~P~..###..~~≈
~~~~≈≈≈≈≈≈≈.....~~~~≈~~.......~~≈
~P~~≈≈≈≈≈≈~.....~PP≈≈≈~~...>.~~~≈
~~≈≈≈≈≈≈..###.~~P≈≈≈≈≈~~~~~~~~≈≈
P≈≈≈≈≈~..###..~~≈≈≈≈≈≈~~~~~~≈≈≈
P≈≈≈≈≈~..##...~~≈≈≈≈≈≈≈≈≈≈≈≈≈≈≈


You could see a merfolk javelineer (poisoned), a manticore (very poisoned, ally
target) and 2 friendly manticore zombies.

Vanquished Creatures
  A lich (Abyss:3)
  An orc warlord (Orc:2)
  The ghost of Wyaw the Reanimator, a journeyman AtNe of Okawaru (D:14)
  A quicksilver ooze (Gauntlet)
  3 very ugly things (Abyss:3)
  Nessos (Orc:2)
  A fire dragon (Lair:5)
  3 vault guards
  2 rakshasas (D:15)
  2 hydras
  An ogre mage (D:15)
  An anaconda (Gauntlet)
  A merfolk aquamancer (Shoals:1)
  5 two-headed ogres
  7 centaur warriors
  4 death yaks
  2 tengu warriors
  8 boulder beetles
  An orc high priest (Orc:1)
  An occultist (D:15)
  Urug (D:10)
  3 skysharks
  2 sea snakes
  A glowing orange brain (D:15)
  An arcanist (D:9)
  8 harpies
  Pikel (D:5)
  3 deep elf pyromancers
  8 large abominations
  4 orc knights
  12 fauns
  14 ugly things
  4 orc sorcerers
  4 manticores
  9 cyclopes
  Maurice (D:7)
  A faun (shapeshifter) (D:15)
  3 elephants (Lair:3)
  5 meliai
  6 kobold blastminers
  An apocalypse crab (Abyss:3)
  3 water nymphs (Shoals:1)
  6 black mambas
  5 gargoyles
  3 torpor snails
  A molten gargoyle (D:14)
  3 smoke demons (Abyss:3)
  An ice statue (Gauntlet)
  A cane toad (shapeshifter) (D:14)
  6 rime drakes
  7 cane toads
  A freezing wraith (D:14)
  2 unseen horrors (D:11)
  A kobold demonologist (D:11)
  11 komodo dragons
  3 merfolk (Shoals:1)
  3 polar bears
  3 trolls
  A troll (shapeshifter) (D:14)
  A hellwing (Abyss:3)
  2 raiju (Abyss:3)
  A hornet (D:11)
  18 blink frogs
  2 snapping turtles
  14 slime creatures
  A vampire (D:11)
  8 wraiths
  A shadow (D:12)
  A spriggan (Lair:2)
  A ynoxinul (Abyss:3)
  5 fire elementals
  5 golden eyes (Abyss:3)
  7 wyverns
  2 steam dragons (D:9)
  A hog (shapeshifter) (D:15)
  39 yaks
  5 basilisks
  7 vampire mosquitoes
  A neqoxec (Abyss:3)
  2 nagas (Lair:2)
  7 small abominations (D:9)
  3 acid dragons
  8 water moccasins
  35 orc warriors
  3 black bears
  2 sky beasts
  8 ogres
  36 wolves
  12 centaurs
  A rime drake zombie (Lair:3)
  5 kobold brigands
  8 bullfrogs
  A brain worm (Abyss:3)
  A gnoll sergeant (D:9)
  2 scorpions
  3 wights (D:8)
  15 killer bees
  7 howler monkeys
  An electric eel (D:7)
  3 lava snakes (D:15)
  2 jellies
  A gnoll bouda (D:5)
  3 hounds
  24 orc priests
  7 iguanas
  41 orc wizards
  13 gnolls
  12 adders
  4 orc zombies (Orc:2)
  2 shadow imps (D:5)
  A white imp (Abyss:3)
  An ufetubus (Abyss:3)
  2 dart slugs
  4 ribbon worms
  119 orcs
  10 endoplasms
  6 hobgoblins
  5 jackals
  29 kobolds
  5 quokkas
  6 ball pythons
  7 bats
  A frilled lizard (D:1)
  5 goblins
  13 rats
808 creatures vanquished.

Vanquished Creatures (collateral kills)
  A very ugly thing (Abyss:3)
  A minotaur (Gauntlet)
  Snorg (Lair:4)
  2 merfolk javelineers (Shoals:2)
  A hydra (Lair:5)
  A merfolk avatar (Shoals:1)
  A two-headed ogre (D:11)
  A merfolk aquamancer (Shoals:1)
  8 death yaks
  A skyshark (Lair:2)
  A sea snake (Shoals:2)
  A swamp dragon (Lair:5)
  6 harpies
  A manticore (D:14)
  6 fauns (Shoals:1)
  7 ugly things
  A cyclops (D:11)
  2 water nymphs
  A torpor snail (Lair:4)
  4 gargoyles (D:14)
  A kobold blastminer (Orc:2)
  2 cane toads (Lair:1)
  A tengu conjurer (D:15)
  2 komodo dragons (Lair:2)
  3 merfolk (Shoals:1)
  A queen bee (Abyss:3)
  A raiju (Abyss:3)
  4 blink frogs (Lair:2)
  A snapping turtle (Shoals:1)
  A centaur simulacrum (D:15)
  13 yaks
  A shadow (D:11)
  A basilisk (Lair:1)
  A golden eye (Abyss:3)
  2 steam dragons (Lair:5)
  5 water moccasins
  An acid dragon (Lair:5)
  A black bear (Lair:2)
  2 orc warriors (Orc:2)
  2 swamp drakes (Lair:5)
  7 wolves
  7 bullfrogs
  A howler monkey (D:12)
  An orc priest (Orc:2)
  3 iguanas (Lair:5)
  An orc wizard (D:10)
  3 orcs (Orc:2)
117 creatures vanquished.

Vanquished Creatures (others)
  2 ironbound preservers (Abyss:3)
  A centaur warrior (D:11)
  A tengu warrior (D:14)
  A deep elf pyromancer (Gauntlet)
  4 ugly thing zombies
  A manticore (D:14)
  A water nymph (Shoals:1)
  A human zombie (Abyss:3)
  2 unseen horror zombies (D:11)
  A rime drake (Gauntlet)
  A troll (Orc:2)
  5 harpy zombies
  A blink frog (Lair:3)
  A meliai zombie (Abyss:3)
  2 wyverns (Lair:1)
  A basilisk (D:11)
  2 two-headed ogre zombies
  3 merfolk zombies (Shoals:1)
  A water nymph zombie (Shoals:1)
  4 faun zombies
  2 elephant zombies (Lair:3)
  A snapping turtle zombie (Shoals:2)
  A manticore zombie (D:14)
  2 blink frog zombies (Lair:1)
  An ogre (Orc:2)
  A komodo dragon zombie (Lair:4)
  2 bullfrogs
  2 cyclops zombies
  A wyvern zombie (Lair:3)
  2 water moccasin zombies
  A queen bee zombie (Abyss:3)
  12 yak zombies
  A spriggan zombie (Lair:2)
  A polar bear zombie (Lair:2)
  3 raiju zombies (Abyss:3)
  13 wolf zombies
  3 bullfrog zombies
  A basilisk zombie (Lair:3)
  2 centaur zombies
  An orc priest (Orc:2)
  3 killer bee zombies (D:11)
  2 ogre zombies (D:15)
  A howler monkey zombie (D:14)
  38 orc zombies
  A giant cockroach (D:11)
  A kobold (D:11)
  A giant cockroach zombie (D:11)
  A lurking horror (Abyss:3)
  2 starspawn tentacles (Abyss:3)
139 creatures vanquished.

Grand Total: 1064 creatures vanquished

Notes
Turn   | Place    | Note
-------+----------+-------------------------------------------
     0 | D:1      | PublicAnimeNo1 the Demonspawn Alchemist began the quest for
                  | the Orb.
     0 | D:1      | Reached XP level 1. HP: 13/13 MP: 3/3
   237 | D:1      | Gained mutation: You have a pair of small antennae on your
                  | head. [demonic ancestry]
   237 | D:1      | Reached XP level 2. HP: 8/19 MP: 1/5
   509 | D:1      | Found a faded altar of an unknown god.
   868 | D:1      | Learned a level 2 spell: Mercury Vapours
   922 | D:2      | Gained mutation: You have a pair of antennae on your head.
                  | [demonic ancestry]
   922 | D:2      | Reached XP level 3. HP: 20/24 MP: 0/6
  2117 | D:3      | Found Xacayliocu's Weapon Shop.
  2145 | D:3      | Gained mutation: You are partially covered in sharp spines.
                  | [demonic ancestry]
  2145 | D:3      | Reached XP level 4. HP: 30/30 MP: 4/7
  2543 | D:4      | Noticed an orc warrior
  2554 | D:3      | Learned a level 3 spell: Mephitic Cloud
  2691 | D:4      | Noticed a scorpion
  2699 | D:4      | Killed a scorpion
  2700 | D:4      | Reached XP level 5. HP: 34/35 MP: 4/8
  2822 | D:4      | Noticed an ogre
  3034 | D:4      | Reached skill level 5 in Alchemy
  3128 | D:4      | Killed an orc warrior
  3129 | D:4      | Gained mutation: You are partially covered in large bone
                  | plates. (SH +4) [demonic ancestry]
  3129 | D:4      | Reached XP level 6. HP: 19/41 MP: 0/10
  3309 | D:4      | Learned a level 4 spell: Olgreb's Toxic Radiance
  3831 | D:5      | Entered Level 5 of the Dungeon
  3981 | D:5      | Found an iron altar of Okawaru.
  3986 | D:5      | Noticed a water moccasin
  4028 | D:5      | Reached XP level 7. HP: 46/46 MP: 10/12
  4103 | D:5      | Found a glowing drain.
  4112 | Sewer    | Entered a sewer
  4516 | D:5      | Noticed Menkaure
  4553 | D:5      | Noticed Pikel
  4680 | D:5      | Killed Pikel
  4681 | D:5      | Reached XP level 8. HP: 46/57 MP: 11/14
  5138 | D:5      | Found a transporter.
  5140 | D:5      | Noticed squeakweiz's ghost (novice MiFi)
  5447 | D:5      | Found a transporter.
  5625 | D:6      | Reached skill level 1 in Short Blades
  5692 | D:6      | Found a staircase to the Ecumenical Temple.
  5731 | Temple   | Entered the Ecumenical Temple
  5803 | Temple   | Became a worshipper of Kikubaaqudgha
  5976 | D:6      | Reached skill level 5 in Spellcasting
  6398 | D:6      | Found Olenkameo's Armour Shoppe.
  6595 | D:7      | Found Lugiqato's Book Shoppe.
  6637 | D:7      | Reached XP level 9. HP: 65/65 MP: 9/16
  6676 | D:7      | Learned a level 4 spell: Sticky Flame
  6779 | D:7      | Found Vekas's Tremendous Tomes.
  6907 | D:7      | Reached * piety under Kikubaaqudgha
  6907 | D:7      | Received a gift from Kikubaaqudgha
  6979 | D:7      | Reached skill level 5 in Stealth
  6994 | D:7      | Reached skill level 1 in Fire Magic
  7345 | D:7      | Noticed Maurice
  7362 | D:7      | Killed Maurice
  7457 | D:8      | Noticed a two-headed ogre
  7563 | D:8      | Killed a two-headed ogre
  7564 | D:8      | Reached skill level 5 in Fighting
  7987 | D:8      | Gained mutation: You are mostly covered in sharp spines.
                  | [demonic ancestry]
  7987 | D:8      | Reached XP level 10. HP: 74/74 MP: 14/19
  8227 | D:8      | Found an ornate altar of the Wu Jian Council.
  8244 | D:8      | Reached ** piety under Kikubaaqudgha
  8309 | D:8      | Found a sacrificial altar of Ru.
  8514 | D:9      | Learned a level 1 spell: Necrotise
  8556 | D:9      | Noticed an arcanist
  8570 | D:9      | Killed an arcanist
  8571 | D:9      | Reached skill level 1 in Necromancy
  8791 | D:9      | Noticed a large abomination
  8899 | D:9      | Found Omiojia's Weapon Boutique.
  9236 | D:9      | Reached *** piety under Kikubaaqudgha
  9236 | D:9      | Received a gift from Kikubaaqudgha
  9258 | D:9      | Noticed a large abomination
  9338 | D:10     | Entered Level 10 of the Dungeon
  9543 | D:10     | Noticed a cyclops
  9678 | D:10     | Reached **** piety under Kikubaaqudgha
  9754 | D:10     | Killed a cyclops
  9755 | D:10     | Reached XP level 11. HP: 60/81 MP: 15/21
  9782 | D:10     | Found a staircase to the Orcish Mines.
 10329 | D:10     | Found a staircase to the Lair.
 10339 | D:10     | Noticed Urug
 10354 | D:10     | Killed Urug
 10601 | D:10     | Found a bloodstained altar of Trog.
 10601 | D:10     | Found a hide-covered altar of Uskayaw.
 10646 | Orc:1    | Entered Level 1 of the Orcish Mines
 10929 | Orc:1    | Found Itupnugg's Book Emporium.
 11057 | Orc:1    | Reached skill level 5 in Fire Magic
 11069 | Orc:1    | Reached ***** piety under Kikubaaqudgha
 11085 | Orc:1    | Noticed an orc high priest
 11093 | Orc:1    | Noticed an orc knight
 11094 | Orc:1    | Noticed an orc knight
 11096 | Orc:1    | Gained mutation: Your magical capacity is low. (-10% MP) [a
                  | neqoxec]
 11110 | Orc:1    | Killed an orc high priest
 11135 | Orc:1    | Noticed an orc sorcerer
 11144 | Orc:1    | Killed an orc sorcerer
 11163 | Orc:1    | Killed an orc knight
 11164 | Orc:1    | Reached skill level 5 in Necromancy
 11446 | D:7      | Bought Una Boto's Quarto of Debased Magic for 672 gold
                  | pieces
 11451 | D:7      | Learned a level 4 spell: Animate Dead
 11456 | D:7      | Learned a level 4 spell: Dispel Undead
 11614 | D:9      | Noticed a large abomination
 11623 | D:9      | Killed a large abomination
 11735 | D:9      | Killed a large abomination
 11736 | D:9      | Reached skill level 10 in Alchemy
 11819 | D:9      | Noticed a large abomination
 11827 | D:9      | Killed a large abomination
 11939 | D:9      | Noticed a large abomination
 11944 | D:9      | Killed a large abomination
 12046 | D:9      | Killed a large abomination
 12047 | D:9      | Reached XP level 12. HP: 88/88 MP: 12/21
 12433 | D:9      | Identified the +3 falchion of the Scuffed God {venom, rN++
                  | Str+3 Int-4 Dex+4}
 12437 | D:9      | Got the Encyclopedia of Airy Firn
 12441 | D:9      | Lost mutation: Your magical capacity is low. (-10% MP)
                  | [potion of mutation]
 12441 | D:9      | Gained mutation: You are somewhat resistant to further
                  | mutation. [potion of mutation]
 12441 | D:9      | Gained mutation: Your flesh is heat resistant. (rF+)
                  | [potion of mutation]
 12652 | D:11     | Reached skill level 5 in Dodging
 12818 | D:11     | Noticed a two-headed ogre
 12825 | D:11     | Noticed a centaur warrior
 12827 | D:11     | Noticed a boulder beetle
 13079 | Orc:1    | Found Fiuxiej's Jewellery Emporium.
 13363 | Orc:2    | Entered Level 2 of the Orcish Mines
 13386 | Orc:2    | Noticed Nessos
 13786 | Orc:2    | Paralysed by an orc sorcerer for 4 turns
 13830 | Orc:2    | Found Cuepaa's Weapon Shoppe.
 13954 | Orc:2    | Killed Nessos
 14240 | Orc:2    | Found a staircase to the Elven Halls.
 14262 | Orc:2    | Found Away's Alliterative Armaments.
 14683 | Orc:2    | Reached ****** piety under Kikubaaqudgha
 14704 | Orc:2    | Found Elliaf's General Store.
 14709 | Orc:2    | Bought a wand of paralysis (3) for 79 gold pieces
 14775 | Orc:2    | Noticed a two-headed ogre
 14791 | Orc:2    | Killed a two-headed ogre
 14951 | Orc:2    | Noticed an orc warlord
 14963 | Orc:2    | Reached skill level 1 in Evocations
 15096 | Lair:1   | Entered Level 1 of the Lair of Beasts
 15115 | Lair:1   | Gained mutation: You are mostly covered in large bone
                  | plates. (SH +6) [demonic ancestry]
 15115 | Lair:1   | Reached XP level 13. HP: 79/93 MP: 14/25
 15614 | D:11     | Learned a level 4 spell: Ignite Poison
 15717 | D:11     | Reached skill level 10 in Stealth
 16485 | D:11     | Learned a level 2 spell: Sublimation of Blood
 17138 | D:12     | Noticed Azrael
 18355 | Lair:2   | Reached skill level 10 in Necromancy
 18422 | Lair:2   | Gained mutation: You have a pair of large antennae on your
                  | head. (SInv) [demonic ancestry]
 18422 | Lair:2   | Reached XP level 14. HP: 105/105 MP: 16/26
 19054 | Lair:2   | Found a staircase to the Snake Pit.
 20212 | Lair:3   | Learned a level 4 spell: Martyr's Knell
 20261 | Lair:3   | Found a staircase to the Shoals.
 20633 | Lair:4   | Reached skill level 1 in Summonings
 21057 | Lair:4   | Noticed Snorg
 21070 | Lair:4   | Killed Snorg
 21071 | Lair:4   | Reached skill level 5 in Short Blades
 21539 | Lair:5   | Entered Level 5 of the Lair of Beasts
 21544 | Lair:5   | Found a staircase to the Slime Pits.
 21681 | Lair:5   | Found a gate leading to a gauntlet.
 21839 | Gauntlet | Entered a Gauntlet
 21839 | Gauntlet | Found a transporter.
 21839 | Gauntlet | Found a transporter.
 21850 | Gauntlet | Found a transporter.
 21852 | Gauntlet | Found a transporter.
 21860 | Gauntlet | Found a transporter.
 21866 | Gauntlet | Found a transporter.
 21871 | Gauntlet | Found a transporter.
 21889 | Gauntlet | Found a transporter.
 21889 | Gauntlet | Noticed a quicksilver ooze
 21894 | Gauntlet | Found a transporter.
 21897 | Gauntlet | Found a transporter.
 21899 | Gauntlet | Found a runed translucent gate.
 21899 | Gauntlet | Found a runed translucent gate.
 21900 | Gauntlet | Found a large runed translucent door.
 21900 | Gauntlet | Found a large runed translucent door.
 21901 | Gauntlet | Found a large runed translucent door.
 21902 | Gauntlet | Found a large runed translucent door.
 21903 | Gauntlet | Found a large runed translucent door.
 21903 | Gauntlet | Found a large runed translucent door.
 21903 | Gauntlet | Found a runed translucent door.
 21904 | Gauntlet | Found a large runed translucent door.
 21905 | Gauntlet | Found a large runed translucent door.
 21907 | Gauntlet | Found a transporter.
 21908 | Gauntlet | Found a runed translucent gate.
 21908 | Gauntlet | Found a runed translucent door.
 21946 | Gauntlet | Found a large runed translucent door.
 21946 | Gauntlet | Found a large runed translucent door.
 21947 | Gauntlet | Found a large runed translucent door.
 21948 | Gauntlet | Found a large runed translucent door.
 21949 | Gauntlet | Found a large runed translucent door.
 21949 | Gauntlet | Found a large runed translucent door.
 21950 | Gauntlet | Found a large runed translucent door.
 21951 | Gauntlet | Found a large runed translucent door.
 21956 | Gauntlet | Found a transporter.
 22131 | Gauntlet | Killed a quicksilver ooze
 22132 | Gauntlet | Reached XP level 15. HP: 109/115 MP: 19/27
 22138 | Gauntlet | Identified the amulet "Muirusme" {Spirit rPois}
 22185 | Gauntlet | Identified the ring of Awe {+Blink rPois rF+ rN+ Will+}
 22229 | Gauntlet | Identified the +2 ring mail of Sosileuh {Int+4 Dex+2}
 22665 | Lair:5   | Reached skill level 10 in Fighting
 23854 | Orc:2    | Found Fewid's Antique Weapon Emporium.
 23858 | Orc:2    | Found Yzifasob's Antique Armour Shoppe.
 24248 | D:12     | Found a portal to a secret trove of treasure.
 24272 | D:12     | Found Zatibeo's Armour Shoppe.
 24583 | D:13     | Reached skill level 10 in Dodging
 24929 | D:13     | Found Mucwaitt's Armour Shop.
 24933 | D:13     | Bought the +0 pair of fencer's gloves {Riposte Dex+3} for
                  | 600 gold pieces
 24933 | D:13     | Found the +0 pair of fencer's gloves {Riposte Dex+3}
 25110 | D:13     | Reached skill level 5 in Summonings
 25287 | D:13     | Found a gate to the Vaults.
 25884 | D:14     | Found Roheasog's Armour Boutique.
 26737 | D:14     | Found a runed translucent door.
 26746 | D:14     | Noticed Wyaw's ghost (journeyman AtNe)
 27347 | D:14     | Killed Wyaw's ghost
 27484 | D:15     | Entered Level 15 of the Dungeon
 27484 | D:15     | Found a huge runed gate.
 27484 | D:15     | Found a huge runed gate.
 27484 | D:15     | Found a huge runed gate.
 27484 | D:15     | Found a huge runed gate.
 27484 | D:15     | Found a huge runed gate.
 27484 | D:15     | Found a huge runed gate.
 27484 | D:15     | Found a huge runed gate.
 27484 | D:15     | Found a huge runed gate.
 27484 | D:15     | Found a huge runed gate.
 27489 | D:15     | Found a huge runed gate.
 27631 | D:15     | Found a huge runed gate.
 27631 | D:15     | Found a huge runed gate.
 27633 | D:15     | Found a huge runed gate.
 27633 | D:15     | Found a huge runed gate.
 27634 | D:15     | Found a huge runed gate.
 27641 | D:15     | Found a huge runed gate.
 27641 | D:15     | Found a huge runed gate.
 27641 | D:15     | Found a huge runed gate.
 27641 | D:15     | Found a huge runed gate.
 27650 | D:15     | Found a huge runed gate.
 27650 | D:15     | Found a huge runed gate.
 27650 | D:15     | Found a huge runed gate.
 27650 | D:15     | Found a huge runed gate.
 27650 | D:15     | Found a huge runed gate.
 27988 | D:15     | Found a staircase to the Depths.
 28083 | D:15     | Found a huge runed gate.
 28147 | D:15     | Found a huge runed gate.
 28147 | D:15     | Found a huge runed gate.
 28147 | D:15     | Found a huge runed gate.
 28156 | D:15     | Found a huge runed gate.
 28156 | D:15     | Found a huge runed gate.
 28156 | D:15     | Found a huge runed gate.
 28156 | D:15     | Found a huge runed gate.
 28156 | D:15     | Found a huge runed gate.
 28156 | D:15     | Found a huge runed gate.
 28157 | D:15     | Found a huge runed gate.
 28195 | Abyss:3  | Cast into level 3 of the Abyss (an occultist)
 28235 | Abyss:3  | Found a corrupted altar of Lugonu.
 28333 | Abyss:3  | Gained mutation: You may rarely emit foul miasma when
                  | damaged in melee. [demonic ancestry]
 28333 | Abyss:3  | Reached XP level 16. HP: 110/122 MP: 10/29
 28461 | Abyss:3  | Found a corrupted altar of Lugonu.
 28831 | Abyss:3  | Noticed a lich
 28866 | Abyss:3  | Killed a lich
 29064 | Abyss:3  | Found a corrupted altar of Lugonu.
 29068 | Abyss:3  | Noticed an Executioner
 29189 | Abyss:3  | Found a corrupted altar of Lugonu.
 29267 | Abyss:3  | Noticed a tentacled starspawn
 29359 | D:15     | Escaped the Abyss
 29770 | D:15     | Found a huge runed gate.
 30330 | D:15     | Upgraded the game from 0.31-a0-1539-g569d6c7 to
                  | 0.31-a0-1540-g5a0b83f
 30507 | Shoals:1 | Entered Level 1 of the Shoals
 30712 | Shoals:1 | Reached skill level 10 in Short Blades
 30912 | Shoals:1 | Learned a level 2 spell: Cigotuvi's Dreadful Rot
 31155 | Shoals:1 | Reached skill level 10 in Spellcasting
 32008 | Shoals:2 | HP: 5/122 [merfolk javelineer/silver javelin (25)]
 32008 | Shoals:2 | Hit by a silver javelin thrown by a merfolk javelineer

Illustrated notes

Levels and vault maps discovered:
D:1:      onia_arrival_mini_maze_b, layout_rooms,
          shapermc_ecumenical_altar_petra, minmay_indecisive_spiral
D:2:      layout_rooms
D:3:      layout_basic, serial_shops, nicolae_shop_waterfront,
          grunt_ministairs_4
D:4:      layout_loops_ring
D:5:      layout_layer_cave, okawaru_gym_becter, portal_sewer_entry_d,
          gammafunk_ghost_mausoleum, nicolae_wormholes, uniq_menkaure,
          uniq_pikel
D:6:      layout_loops_cross, temple_hall, serial_shops,
          nicolae_shop_just_a_little_nook
D:7:      layout_loops_ring, serial_shops, nicolae_shop_behind_doors,
          minmay_hedge_maze, minmay_splitting_lines, amethyst_killhole,
          nicolae_shop_i_like_big_books, st_stairs_14, serial_bayou_lagoon_a,
          uniq_maurice
D:8:      layout_loops_cross, nicolae_overflow_crystal_walls,
          kennysheep_mini_moat, st_stairs_5
D:9:      layout_loops_cross, serial_shops, nicolae_take_the_stairs,
          chequers_serial_rivers_small_a, corner_web_ring, laboratory
D:10:     layout_roguey [special_room_orc], gammafunk_temple_overflow_elements,
          lair_entry_dummy, erik_orc_3, uniq_urug
D:11:     minmay_imperfect_grid, layout_basic
D:12:     layout_cave_pools, serial_shops, nicolae_shop_tiny_waterfront,
          enter_trove_1, uniq_azrael
D:13:     nicolae_cairo_tiling_large_dashed, layout_cave_pools,
          lightli_vaults_fourway_checkpoint, serial_shops, shop
D:14:     gargoyle_guard, layout_loops_corners, gammafunk_ghost_grave,
          serial_shops, nicolae_inconvenience_store, grunt_ministairs_6
D:15:     gammafunk_enter_depths_forms, layout_basic, door_vault
Temple:   minmay_temple_bridge_d
Lair:1:   layout_chaotic_city, grunt_megastairs_5
Lair:2:   layout_hall_layers, guppyfry_snake_entry_garden, st_stairs_3,
          grunt_forest_large_clearings, grunt_megastairs_1
Lair:3:   dpeg_oklob_shooting_range, layout_chaotic_city,
          minmay_shoals_entry_centaurs
Lair:4:   layout_hall_layers, beast_lair_carwin_5, uniq_snorg
Lair:5:   guppyfry_lair_end_dragon, layout_cave_pods,
          minmay_slime_entry_pillars, gauntlet_entry_generic, minivault_11
Shoals:1: layout_shoals, nicolae_splish_splash
Shoals:2: gammafunk_sealed_arena, layout_shoals,
          nicolae_shoals_pincushion_passage, uniq_ilsuiw
Orc:1:    layout_caves, basic_altar, serial_shops, nicolae_shop_hallway_stairs,
          guppyfry_orc_lava_fort
Orc:2:    grunt_orc_community_town_hall, layout_diamond_mine,
          grunt_orc_community_big_house_2, grunt_orc_community_big_house_1,
          grunt_orc_community_house_2, grunt_orc_community_house_3,
          grunt_orc_community_house_3, grunt_orc_community_house_3,
          monkooky_shop_alliterative, uniq_nessos

Skill      XL: |  1  2  3  4  5  6  7  8  9 10 11 12 13 14 15 16 |
---------------+-------------------------------------------------+-----
Conjurations   | 2 3 4 |  4.0
Alchemy        | 4 5 6 7 8 9 10 11 12 13 | 13.0
Spellcasting   | 3 4 5 6 7 8 9 10 | 10.4
Stealth        | 2 3 4 5 7 8 9 10 | 10.0
Fighting       | 2 3 5 6 8 9 10 | 10.3
Short Blades   | 2 3 4 5 8 10 | 10.0
Fire Magic     | 2 4 5 |  5.0
Necromancy     | 3 5 8 10 11 12 13 | 13.9
Dodging        | 2 4 6 8 9 10 | 10.0
Evocations     | 1 4 |  4.6
Summonings     | 3 6 8 |  8.5

Action                     |  1- 3 |  4- 6 |  7- 9 | 10-12 | 13-15 | 16-18 || total
---------------------------+-------+-------+-------+-------+-------+-------++-------
  Melee: Short sword       |    54 |    49 |   158 |   374 |   677 |   210 ||  1522
         Unarmed           |     2 |       |       |       |       |       ||     2
         Punch             |       |     1 |     1 |    13 |    15 |     3 ||    33
         Staff             |       |       |       |     4 |       |       ||     4
   Cast: Sting             |    67 |    41 |    32 |     4 |       |       ||   144
         Mercury Vapours   |     1 |     7 |     2 |       |       |       ||    10
         Olgreb's Toxic Ra |       |       |    28 |    80 |    80 |    32 ||   220
         Sticky Flame      |       |       |     2 |    25 |    63 |    15 ||   105
         Mephitic Cloud    |       |       |     1 |    15 |    14 |     6 ||    36
         Necrotise         |       |       |       |    14 |       |       ||    14
         Dispel Undead     |       |       |       |    11 |    20 |     8 ||    39
         Animate Dead      |       |       |       |    11 |    24 |     9 ||    44
         Ignite Poison     |       |       |       |       |    22 |    13 ||    35
         Sublimation of Bl |       |       |       |       |     7 |     3 ||    10
         Martyr's Knell    |       |       |       |       |     8 |     3 ||    11
         Cigotuvi's Dreadf |       |       |       |       |       |     1 ||     1
 Invoke: Unearth Wretches  |       |       |       |       |     8 |     1 ||     9
  Evoke: Wand              |       |       |       |       |     8 |     5 ||    13
         Phantom mirror    |       |       |       |       |     1 |     1 ||     2
    Use: Potion            |     1 |       |     1 |     3 |     3 |     6 ||    14
         Scroll            |     3 |     3 |    12 |     6 |     8 |     5 ||    37
   Stab: Sleeping          |     1 |     2 |     2 |     5 |    13 |     2 ||    25
         Confused          |       |       |     1 |    12 |     6 |     4 ||    23
         Distracted        |       |       |       |       |    10 |     6 ||    16
         Paralysed         |       |       |       |       |     5 |       ||     5
 Armour: Robe              |    28 |       |       |       |       |       ||    28
         Leather armour    |     9 |    33 |    99 |   190 |   140 |       ||   471
         Ring mail         |       |       |       |       |   207 |   158 ||   365
  Dodge: Dodged            |    41 |    28 |    87 |   223 |   349 |   103 ||   831
  Block: Other             |       |     5 |    33 |    52 |   277 |    65 ||   432
         Reflection        |       |       |       |       |    16 |     4 ||    20
Riposte: Short sword       |       |       |       |       |    33 |    30 ||    63

Table legend: (Time is in decaauts)
 A = Elapsed time spent in this place.
 B = Non-inter-level travel time spent in this place.
 C = Inter-level travel time spent in this place.
 D = Time resting spent in this place.
 E = Time spent auto-exploring this place.
 F = Levels seen in this place.
 G = Mean time per level.
                   A        B        C        D        E       F      G
               +--------+--------+--------+--------+--------+-----+--------+
         Total |  31810 |  29783 |   2027 |   6510 |  16556 |  28 | 1136.1 |
       Dungeon |  19311 |  17976 |   1335 |   3938 |  10432 |  15 | 1287.4 |
        Temple |    144 |      2 |    142 |      0 |      0 |   1 |  144.0 |
          Lair |   6034 |   5765 |    269 |    725 |   3920 |   5 | 1206.8 |
        Shoals |   1395 |   1338 |     57 |    576 |    350 |   2 |  697.5 |
  Orcish Mines |   3126 |   2905 |    221 |    589 |   1562 |   2 | 1563.0 |
         Abyss |   1112 |   1112 |      0 |    626 |      0 |   1 | 1112.0 |
         Sewer |    234 |    234 |      0 |      0 |    142 |   1 |  234.0 |
      Gauntlet |    450 |    450 |      0 |     56 |    148 |   1 |  450.0 |
               +--------+--------+--------+--------+--------+-----+--------+

Top non-repeatable levels by time:
    D:14: 1870 daAuts
    D:11: 1829 daAuts
   Orc:2: 1813 daAuts
    D:10: 1701 daAuts
     D:9: 1683 daAuts
    D:15: 1658 daAuts
  Lair:5: 1397 daAuts
     D:3: 1354 daAuts
  Lair:2: 1338 daAuts
     D:5: 1315 daAuts
   Orc:1: 1313 daAuts
     D:8: 1214 daAuts
  Lair:3: 1174 daAuts
Shoals:1: 1155 daAuts
     D:7: 1146 daAuts
